 Adventure DCSS version bcrawl-1.27.1b (webtiles) character file.

Game seed: 3596243706406403384

52845 FluffGlitter the Vexing (level 2, -1/17 HPs)
             Began as an Avariel Arcane Marksman on July 25, 2020.
             Slain by an orc
             ... wielding a +1 short sword of venom
              (4 damage)
             ... on level 3 of the Dungeon.
             The game lasted 00:16:35 (2535 turns).

FluffGlitter the Vexing (Avariel Arcane Marksman)   Turns: 2535, Time: 00:16:35

Health: -1/17      AC:  2    Str:  8    XL:     2   Next: 87%
Magic:  8/8        EV: 13    Int: 23    God:
Gold:   126        SH:  0    Dex: 14    Spells: 4/7 levels left
                                        Lives:  0   Deaths: 2

rFire    . . .     SeeInvis .   b - +1 dagger (speed)
rCold    . . .     Gourm    .   (no shield)
rNeg     . . .     Faith    .   c - +0 robe
rPois    .         Spirit   .   (no helmet)
rElec    .         Reflect  .   (no cloak)
rCorr    .         Harm     .   (no gloves)
MR       .....                  (no boots)
Stlth    +.........             (no amulet)
HPRegen  0.05/turn              (no ring)
MPRegen  0.11/turn              (no ring)

@: brilliant, lethally poisoned (-1 -> -28), very slightly contaminated,
invisible
A: no striking features
a: no special abilities


You were on level 3 of the Dungeon.
You were not hungry.

You visited 1 branch of the dungeon, and saw 3 of its levels.

You collected 126 gold pieces.

Inventory:

Hand Weapons
 a - a +1 shortbow
 b - a +1 dagger of speed (weapon)
 y - a +0 dagger
Missiles
 f - 498 arrows
 j - 618 stones (quivered)
 o - 263 bolts
 z - 109 poisoned tomahawks
 B - 50 poisoned needles
Armour
 c - a +0 robe (worn)
 h - a +0 pair of boots
 k - a +0 pair of gloves
 u - a +0 pair of gloves
Jewellery
 p - an uncursed amulet of regeneration {unknown}
 r - an uncursed ring of resist corrosion {unknown}
Scrolls
 i - a scroll of magic mapping {unknown}
 l - 3 scrolls of amnesia {unknown}
 q - a scroll of immolation {unknown}
 s - a scroll of teleportation {unknown}
 w - a scroll of remove curse {unknown}
 x - 2 scrolls of fog {unknown}
 D - 2 scrolls of enchant armour {unknown}
Potions
 d - a potion of brilliance
 m - a potion of flight {unknown}
 n - a potion of mutation {unknown}
 t - a potion of lignification {unknown}
 A - a potion of heal wounds
 C - a potion of haste {unknown}
Comestibles
 e - 2 rations {!d}
 E - 3 chunks of flesh


   Skills:
 - Level 2.1 Fighting
 + Level 3.4 Bows
 + Level 0.4 Throwing
 + Level 2.5 Dodging
 + Level 3.2 Spellcasting
 + Level 4.2 Hexes


You had 4 spell levels left.
You knew the following spells:

 Your Spells              Type           Power        Failure   Level  Hunger
a - Corona                Hex            #####..      1%          1    None
b - Shackle               Hex            #####...     1%          2    #......

Your spell library contained the following spells:

 Spells                   Type           Power        Failure   Level  Hunger
 False Image              Hex/Summ       ####....     1%          3    ####...
 Inner Flame              Hex/Fire       N/A          1%          3    ####...
 Cause Fear               Hex            #####.....   2%          4    #####..
 Yara's Violent Unravell  Hex/Tmut       ####......   5%          4    #####..


Dungeon Overview and Level Annotations

Branches:
Dungeon (3/12)

Altars:


Message History

You catch the helpless orc completely off-guard!
You hit the orc.
The orc is severely wounded.
You feel sick.
The orc hits you with a +1 short sword of venom.
You are more poisoned.
You strike the helpless orc from behind!
You hit the orc.
The orc is almost dead.
You feel sick.
You barely miss the orc.
The orc is almost dead.
* * * LOW HITPOINT WARNING * * *
You feel sick. The orc barely misses you.
You hit the orc but do no damage.
The orc is almost dead.
* * * LOW HITPOINT WARNING * * *
You feel sick.
The orc hits you with a +1 short sword of venom.
You die...

. .. ..# ....#... #
.....##.## # ##........#
## ##......##..##.
.####.
#^......###o.#.#####
......
#........###@#......
....#.
#..................#
###...
#..................
.....
##.....8..####.....###
###..#
#...............##...#
#.#
.#...............##...#
#.
..........#.รท......#<.#
........#..........#..#
...#...###.........#..#


You could see an orc.

Vanquished Creatures
  An adder (D:3)
  An adder zombie (D:3)
  4 worms
  A dart slug (D:2)
  2 leopard geckos
  A ball python (D:2)
  A giant cockroach (D:1)
  3 goblins (D:2)
  3 hobgoblins
  5 jackals
  4 kobolds
  3 bats
  3 frilled lizards (D:1)
  A jackal zombie (D:3)
  A rat (D:1)
34 creatures vanquished.

Notes
Turn   | Place    | Note
-------+----------+-------------------------------------------
     0 | D:1      | FluffGlitter the Avariel Arcane Marksman began the quest
                  | for the Orb.
     0 | D:1      | Reached XP level 1. HP: 12/12 MP: 6/6
   468 | D:1      | Reached XP level 2. HP: 17/17 MP: 7/7
   834 | D:1      | Reached skill level 4 in Hexes
  1355 | D:2      | Reached XP level 3. HP: 21/21 MP: 7/9
  1577 | D:2      | Noticed a sky beast
  1814 | D:1      | Slain by a sky beast
  1815 | D:1      | Reached XP level 2. HP: 0/17 MP: 8/8
  1821 | D:1      | Slain by a sky beast
  1822 | D:1      | Reached XP level 1. HP: 0/12 MP: 6/6
  1883 | D:2      | Reached XP level 2. HP: 13/17 MP: 8/8
  2397 | D:3      | Learned a level 2 spell: Shackle
  2535 | D:3      | Slain by an orc

Skill      XL: |  1  2  3 |
---------------+----------+-----
Fighting       | 2 |  2.1
Hexes          | 4 |  4.2
Spellcasting   | 3 |  3.2
Bows           | 3 |  3.4
Throwing       | |  0.4
Dodging        | |  2.5

Action                   || total
-------------------------++-------
Melee: Dagger            ||    51
       Shortbow          ||     2
 Fire: Shortbow          ||    83
Throw: Stone             ||    18
 Cast: Corona            ||    14
       Shackle           ||     6
  Use: Potion            ||     4
 Stab: Invisible         ||     2
  Eat: Ration            ||     2
       Chunk             ||     1
Armor: Robe              ||     7
Dodge: Dodged            ||    42
